Map: Alcyone LE

Players

A.I. 2 (Very Easy) - Winner!

  • Race: Terran Terran
  • Spawn Location: 7:00

Vindicta

  • Race: Terran Terran
  • League: Master
  • Spawn Location: 1:00

VOD

Have the link to the VOD?

Description

Time

  • Played on: Sept. 13, 2024, 2:29 p.m.
  • Length: 8:45
Show
View Real Time Build Order
Export as new Build Order

A.I. 2 (Very Easy) Terran - Winner!

Build Orders: Reaper Expand 

Get SALT Encoding   

  12  0:00  SCV  
  13  0:13  SCV  
  14  0:18  Supply Depot  
  14  0:41  Barracks  
  14  1:03  Command Center  
  14  1:27  Marine  
  14  1:30  Orbital Command, Supply Depot  
  15  1:35  Refinery  
  15  1:48  Refinery  
  15  1:56  SCV  
  16  2:08  SCV  
  17  2:15  Reaper  
  17  2:20  SCV  
  17  2:21  SCV  
  20  2:32  SCV  
  20  2:36  SCV  
  22  2:44  SCV  
  22  2:50  SCV  
  24  2:52  Refinery  
  24  2:57  SCV  
  25  3:04  SCV  
  25  3:05  Marine  
  26  3:12  SCV  
  28  3:17  Factory  
  28  3:19  SCV  
  28  3:40  Refinery  
  28  3:41  SCV  
  29  3:48  SCV  
  29  3:55  Marine, Supply Depot  
  30  3:56  SCV  
  32  4:03  SCV  
  32  4:04  Starport  
  32  4:10  SCV  
  32  4:13  Barracks Tech Lab  
  33  4:18  SCV  
  34  4:25  SCV  
  35  4:32  SCV  
  36  4:39  SCV  
  36  4:43  Starport Tech Lab, Supply Depot  
  37  4:46  Marauder  
  37  4:47  SCV  
  40  4:54  SCV  
  41  5:01  SCV  
  41  5:03  Raven  
  44  5:08  SCV  
  45  5:15  SCV  
  46  5:22  SCV  
  47  5:30  SCV  
  47  5:35  Marine  
  48  5:37  Raven  
  51  6:16  SCV  
  51  6:25  Marine  
  52  7:16  Marauder  
Show
View Real Time Build Order
Export as new Build Order

Vindicta Terran 

Build Orders: Cyclone Opening 

Get SALT Encoding   

  12  0:00  SCV  
  13  0:12  SCV  
  14  0:17  Supply Depot  
  14  0:24  SCV  
  15  0:38  SCV  
  15  0:40  Barracks  
  16  0:44  Refinery  
  16  0:50  SCV  
  16  0:55  Refinery  
  17  1:03  SCV  
  18  1:15  SCV  
  19  1:28  Orbital Command  
  19  1:29  Reaper  
  19  1:32  Supply Depot  
  20  1:44  Factory  
  20  1:53  SCV  
  21  2:01  Reaper  
  22  2:05  SCV  
  23  2:17  SCV  
  24  2:23  Command Center  
  24  2:32  SCV, Cyclone  
  27  2:39  Starport  
  27  2:42  Barracks Reactor  
  28  2:44  SCV  
  28  2:53  Supply Depot  
  28  2:56  SCV  
  29  3:04  Cyclone  
  31  3:15  SCV  
  31  3:17  Starport Tech Lab  
  32  3:20  Marine x2  
  32  3:23  Refinery  
  34  3:27  SCV  
  35  3:36  Orbital Command  
  35  3:38  Marine x2  
  35  3:39  SCV  
  35  3:40  Interference Matrix, Raven  
  40  3:42  Factory Tech Lab  
  40  3:51  SCV  
  41  3:56  Marine x2  
  41  4:01  SCV  
  44  4:03  SCV, Siege Tank  
  44  4:07  Supply Depot  
  48  4:13  SCV  
  48  4:15  SCV  
  50  4:18  Raven  
  50  4:22  Marine x2  
  54  4:29  SCV x2  
  54  4:31  Supply Depot  
  56  4:35  Siege Tank  
  59  4:41  SCV x2  
  59  4:42  Marine  
  62  4:52  Marine  
  63  4:53  SCV x2, Raven  
  67  5:05  SCV x2  
  67  5:06  Command Center  
  69  5:11  Supply Depot  
  69  5:17  SCV  
  69  5:19  Supply Depot  
  70  5:31  SCV  
  70  5:33  Starport Reactor, Stimpack, Siege Tank  
  73  5:37  SCV  
  73  5:38  Marine, Barracks  
  73  5:42  Barracks  
  75  5:43  SCV, Supply Depot  
  75  5:47  Refinery  
  75  5:49  SCV  
  77  5:51  Engineering Bay  
  77  5:53  Engineering Bay  
  77  5:55  SCV  
  77  5:56  Marine  
  79  6:01  SCV  
  80  6:05  Siege Tank  
  80  6:07  SCV, Supply Depot  
  84  6:15  Medivac x2  
  84  6:16  SCV  
  89  6:18  Orbital Command  
  89  6:21  Marine  
  89  6:22  SCV  
  91  6:25  Terran Infantry Weapons Level 1  
  91  6:26  Terran Infantry Armor Level 1  
  91  6:28  SCV  
  91  6:30  Barracks Reactor  
  92  6:34  SCV  
  93  6:40  SCV  
  93  6:45  Marine x3  
  93  6:46  Barracks, SCV  
  98  6:47  SCV  
  98  6:48  Barracks  
  98  6:50  Siege Tank  
  98  6:53  SCV, Supply Depot  
  103  6:59  SCV x2  
  105  7:02  Marine  
  105  7:05  SCV, Viking x2  
  105  7:06  Marine  
  105  7:08  Marine  
  114  7:11  SCV  
  114  7:12  SCV  
  114  7:15  Supply Depot  
  115  7:17  SCV, Combat Shield  
  115  7:18  Refinery x2  
  115  7:22  Marine x2, Siege Tank  
  120  7:23  SCV  
  120  7:26  SCV  
  120  7:27  Supply Depot  
  120  7:28  Supply Depot  
  120  7:29  SCV  
  125  7:31  Marine  
  125  7:32  Supply Depot  
  125  7:36  Marine  
  128  7:37  Armory, SCV  
  128  7:38  SCV  
  128  7:41  SCV  
  128  7:43  Marine x2  
  133  7:45  Barracks Reactor x2  
  133  7:49  SCV  
  133  7:51  Marine  
  134  7:52  Viking x2, Supply Depot  
  134  7:55  SCV  
  134  7:56  Siege Tank  
  134  7:58  Marine, Supply Depot  
  141  8:00  Marine  
  141  8:01  Marine  
  141  8:03  Marine  
  145  8:08  Marine  
  146  8:13  SCV, Command Center  
  146  8:16  Marine, SCV  
  146  8:19  Marine  
  152  8:22  Marine x2  
  152  8:24  Marine, Supply Depot  
  152  8:25  SCV  
  152  8:26  Factory  
  162  8:42  Supply Depot x2  
Tags
 
Add a new tag
Caveats
  • Supply blocks, unpowered buildings, or Contaminate may cause inaccurate times.
  • Supply counts are checked every 10 seconds.